Map: King of Braxis Station

Players

MrFercho

  • Race: Protoss Protoss
  • Spawn Location: 5:00

TATORREA

  • Race: Protoss Protoss
  • Spawn Location: 1:00

tigro

  • Race: Terran Terran
  • Spawn Location: 7:00

Javascript

  • Race: Zerg Zerg
  • Spawn Location: 9:00

IA (Difícil)

  • Race: Protoss Protoss
  • Spawn Location: 3:00

IA (Difícil)

  • Race: Zerg Zerg
  • Spawn Location: 11:00

IA (Difícil)

  • Race: Protoss Protoss
  • Spawn Location: 12:00

IA (Difícil)

  • Race: Protoss Protoss
  • Spawn Location: 6:00

VOD

Have the link to the VOD?

Description

Time

  • Played on: April 5, 2020, 10:42 p.m.
  • Length: 49:47
Show
View Real Time Build Order
Export as new Build Order

MrFercho Protoss 

Build Orders: Carriers 

Get SALT Encoding   

  12  0:02  Probe  
  13  0:14  Probe  
  14  0:23  Pylon  
  14  0:28  Assimilator  
  14  0:30  Probe  
  15  0:54  Gateway  
  15  0:55  Probe (Chrono Boost)  
  16  1:07  Probe (Chrono Boost)  
  17  1:13  Probe (Chrono Boost)  
  18  1:22  Probe (Chrono Boost)  
  19  1:28  Assimilator  
  19  1:35  Probe (Chrono Boost)  
  20  1:50  Probe  
  21  2:02  Probe  
  22  2:12  Forge  
  22  2:14  Probe  
  23  2:18  Nexus  
  23  2:28  Pylon  
  23  2:30  Pylon  
  23  2:44  Unknown  
  23  2:46  Probe  
  23  2:50  Pylon  
  24  2:54  Pylon  
  24  2:57  Pylon  
  24  3:01  Pylon  
  24  3:02  Unknown  
  24  3:04  Zealot  
  26  3:09  Probe (Chrono Boost)  
  27  3:16  Protoss Ground Weapons Level 1  
  27  3:22  Probe (Chrono Boost)  
  28  3:38  Cybernetics Core  
  28  3:57  Probe (Chrono Boost)  
  29  4:08  Probe (Chrono Boost)  
  30  4:13  Probe (Chrono Boost)  
  31  4:23  Probe  
  32  4:24  Stargate  
  32  4:34  Pylon  
  32  4:35  Probe  
  33  4:39  Pylon  
  33  4:43  Pylon  
  33  4:48  Photon Cannon  
  33  4:50  Photon Cannon x2, Pylon  
  33  5:05  Probe  
  34  5:08  Photon Cannon  
  34  5:09  Photon Cannon  
  34  5:17  Probe  
  35  5:29  Probe  
  36  5:41  Probe (Chrono Boost)  
  37  5:50  Protoss Air Weapons Level 1  
  37  6:09  Fleet Beacon  
  37  6:13  Robotics Facility  
  37  6:15  Twilight Council  
  37  6:31  Pylon  
  37  6:32  Pylon  
  37  6:35  Stargate  
  37  6:37  Stargate  
  37  6:39  Stargate  
  37  6:41  Stargate  
  37  6:45  Probe (Chrono Boost)  
  39  6:56  Probe (Chrono Boost)  
  39  6:58  Unknown  
  39  7:00  Probe (Chrono Boost)  
  39  7:05  Observer  
  41  7:11  Probe  
  42  7:23  Probe  
  42  7:27  Protoss Shields Level 1  
  43  8:20  Protoss Air Armor Level 1  
  43  8:22  Photon Cannon  
  43  8:28  Photon Cannon  
  43  8:34  Photon Cannon  
  43  8:41  Photon Cannon  
  43  8:42  Carrier  
  43  8:47  Photon Cannon  
  49  8:51  Photon Cannon  
  49  8:55  Photon Cannon  
  49  9:00  Photon Cannon  
  49  9:06  Robotics Bay  
  49  9:11  Dark Shrine  
  49  9:12  Photon Cannon x2  
  49  9:13  Photon Cannon  
  48  10:42  Carrier x2  
  60  12:00  Carrier  
  60  14:09  Carrier x3  
  78  15:45  Nexus  
  78  15:51  Assimilator  
  78  16:29  Pylon  
  78  16:32  Pylon  
  78  17:28  Protoss Shields Level 2  
  78  17:40  Immortal  
  78  17:41  Protoss Air Weapons Level 2  
  78  17:43  Stalker  
  84  18:13  Stalker  
  86  18:29  Probe (Chrono Boost)  
  87  18:41  Probe (Chrono Boost)  
  88  18:43  Stalker  
  88  18:45  Probe (Chrono Boost)  
  91  18:55  Probe  
  92  19:08  Probe  
  93  19:29  Carrier x3  
  93  19:30  Carrier  
  117  20:04  Nexus  
  117  20:06  Assimilator  
  117  20:08  Assimilator  
  114  20:15  Protoss Air Armor Level 2  
  111  20:30  Anion Pulse-Crystals  
  111  20:32  Shadow Stride  
  111  20:34  Protoss Shields Level 3  
  50  22:31  Carrier x2 (Chrono Boost)  
  50  22:32  Carrier (Chrono Boost)  
  63  23:00  Carrier (Chrono Boost)  
  69  23:36  Probe  
  70  23:48  Probe  
  71  24:00  Probe  
  72  24:12  Probe  
  72  24:24  Probe  
  72  24:35  Carrier x2 (Chrono Boost)  
  72  24:36  Probe  
  85  24:49  Probe  
  86  25:01  Probe  
  87  25:13  Probe  
  88  25:28  Carrier  
  94  25:43  Pylon  
  94  25:45  Pylon  
  94  25:48  Pylon  
  94  25:50  Pylon  
  94  25:53  Pylon  
  94  25:56  Probe  
  95  26:08  Probe  
  96  26:15  Carrier x2  
  108  26:20  Probe  
  109  26:32  Probe  
  110  26:43  Mothership  
  110  26:44  Probe  
  119  26:59  Nexus  
  119  27:02  Assimilator  
  119  27:05  Assimilator  
  119  27:12  Probe  
  120  27:24  Probe  
  120  27:25  Pylon  
  120  27:26  Pylon  
  120  27:27  Pylon x2  
  120  27:29  Pylon  
  121  27:31  Pylon  
  121  27:35  Pylon  
  121  27:36  Probe  
  122  27:48  Probe  
  123  28:01  Probe  
  123  28:34  Carrier x2  
  123  28:35  Carrier x2  
  123  28:37  Probe  
  148  28:49  Probe  
  148  28:50  Void Ray  
  153  29:02  Probe  
  154  29:14  Probe  
  92  29:33  Void Ray  
  24  31:25  Pylon  
  24  31:26  Pylon  
  24  31:30  Templar Archives  
  24  31:31  Pylon x2  
  24  31:35  Dark Shrine, Fleet Beacon  
  24  31:37  Robotics Bay  
  24  31:41  Forge  
  24  31:52  Gateway  
  24  32:53  Cybernetics Core  
  24  33:06  Zealot  
  26  33:34  Zealot  
  28  33:54  Psionic Storm  
  28  34:30  Stargate  
  28  34:32  Stargate  
  28  34:34  Stargate  
  28  34:37  Stargate  
  28  34:39  Stargate  
  28  35:29  Carrier x2  
  28  35:30  Carrier x2  
  28  35:32  Pylon  
  28  35:35  Pylon  
  52  35:47  Nexus  
  52  35:57  Assimilator  
  48  37:21  Carrier x2  
  60  37:28  Probe  
  61  37:34  Probe  
  62  37:40  Probe  
  63  37:46  Probe  
  64  37:52  Probe  
  64  37:58  Probe  
  66  38:04  Probe  
  67  38:09  Carrier  
  67  38:10  Carrier, Probe  
  67  38:11  Nexus  
  80  38:14  Unknown  
  80  38:16  Probe  
  80  38:18  Unknown  
  81  38:22  Probe  
  81  38:23  Unknown  
  82  38:27  Unknown  
  82  38:47  Pylon  
  82  38:49  Pylon  
  6  40:45  Probe  
  7  40:57  Probe  
  7  41:00  Pylon  
  7  41:03  Pylon  
  8  41:07  Pylon  
  8  41:09  Probe  
  9  41:24  Probe (Chrono Boost)  
  10  41:25  Probe (Chrono Boost)  
  11  41:36  Probe (Chrono Boost)  
  11  41:38  Probe (Chrono Boost)  
  13  41:40  Gateway  
  13  41:41  Probe (Chrono Boost)  
  13  41:43  Forge  
  14  41:51  Pylon  
  14  41:53  Pylon, Probe (Chrono Boost)  
  15  41:55  Pylon  
  15  41:57  Probe (Chrono Boost)  
  15  41:58  Pylon  
  18  42:08  Probe (Chrono Boost)  
  18  42:09  Probe (Chrono Boost)  
  18  42:13  Probe (Chrono Boost)  
  19  42:24  Fleet Beacon, Probe  
  19  42:25  Protoss Ground Armor Level 1 (Chrono Boost)  
  18  43:24  Carrier  
  24  43:31  Carrier  
  30  43:58  Fleet Beacon  
  30  44:14  Probe (Chrono Boost)  
  31  44:20  Probe (Chrono Boost)  
  32  44:28  Probe  
  32  44:29  Carrier  
  39  44:31  Cybernetics Core  
  39  44:35  Carrier  
  45  44:40  Probe  
  46  45:31  Stargate  
  46  45:33  Carrier  
  52  45:40  Carrier  
  21  47:04  Probe  
  21  47:05  Void Ray x2 (Chrono Boost)  
  32  47:15  Void Ray (Chrono Boost)  
  32  47:16  Probe  
  33  47:28  Probe  
  34  47:40  Probe  
  34  47:52  Probe  
  25  48:13  Void Ray  
Show
View Real Time Build Order
Export as new Build Order

TATORREA Protoss 

Build Orders: Carriers 

Get SALT Encoding   

  12  0:06  Probe  
  13  0:16  Pylon  
  13  0:29  Pylon  
  13  0:31  Probe  
  14  0:43  Probe  
  15  0:51  Forge  
  15  1:00  Gateway  
  15  1:06  Probe  
  16  1:18  Probe  
  17  1:28  Assimilator  
  17  1:30  Probe  
  18  1:34  Assimilator  
  18  1:42  Probe  
  19  1:54  Probe, Cybernetics Core  
  19  1:56  Pylon  
  20  2:02  Pylon  
  20  2:06  Probe  
  20  2:07  Pylon  
  21  2:12  Pylon  
  21  2:46  Shield Battery  
  21  3:06  Stargate  
  21  3:10  Zealot  
  23  3:26  Probe  
  24  3:35  Twilight Council  
  24  3:37  Zealot  
  24  3:38  Probe  
  27  3:47  Robotics Facility  
  27  3:50  Probe  
  28  3:57  Pylon  
  28  4:02  Pylon  
  28  4:03  Probe  
  28  4:04  Zealot  
  28  4:06  Pylon  
  31  4:15  Probe  
  32  4:18  Pylon  
  32  4:25  Pylon  
  32  4:32  Photon Cannon, Zealot  
  34  4:45  Photon Cannon  
  34  4:48  Photon Cannon  
  34  4:54  Shield Battery  
  34  4:59  Zealot  
  36  5:00  Shield Battery  
  36  5:07  Photon Cannon  
  36  5:26  Sentry  
  38  5:33  Void Ray  
  42  5:50  Charge  
  42  5:52  Sentry  
  44  6:19  Sentry  
  46  6:45  Sentry  
  48  6:51  Protoss Air Weapons Level 1  
  48  7:22  Fleet Beacon  
  48  7:31  Blink  
  48  7:48  Photon Cannon  
  48  7:50  Photon Cannon  
  48  7:53  Photon Cannon  
  48  7:57  Photon Cannon  
  48  8:02  Photon Cannon  
  48  8:03  Photon Cannon  
  48  8:07  Photon Cannon x2  
  48  8:10  Photon Cannon  
  48  8:17  Photon Cannon  
  48  8:20  Photon Cannon  
  48  8:25  Photon Cannon  
  48  8:28  Photon Cannon  
  48  8:32  Photon Cannon  
  48  8:36  Photon Cannon  
  48  8:39  Photon Cannon  
  54  9:03  Carrier  
  54  9:26  Protoss Air Weapons Level 2  
  54  9:27  Anion Pulse-Crystals  
  54  9:32  Resonating Glaives  
  54  9:43  Zealot  
  56  10:10  Zealot  
  58  10:18  Tempest  
  63  10:37  Zealot  
  65  11:02  Carrier  
  71  11:04  Zealot  
  73  11:31  Zealot  
  75  11:57  Protoss Air Armor Level 1  
  75  11:58  Zealot  
  77  12:06  Carrier  
  83  12:13  Pylon  
  83  12:17  Pylon  
  83  12:24  Pylon  
  83  12:25  Zealot  
  85  12:31  Pylon  
  85  12:40  Pylon  
  85  12:45  Pylon  
  85  12:52  Photon Cannon, Zealot  
  87  13:10  Photon Cannon, Carrier  
  93  13:17  Photon Cannon  
  93  13:19  Zealot  
  95  13:36  Unknown  
  95  13:51  Warp Gate  
  95  13:53  Zealot  
  97  14:10  Pylon  
  97  14:15  Pylon  
  97  14:19  Pylon  
  97  14:20  Zealot  
  97  14:23  Pylon  
  99  14:29  Pylon  
  99  14:45  Pylon  
  99  14:47  Zealot  
  99  14:52  Pylon  
  101  15:03  Pylon  
  101  15:07  Carrier  
  107  15:14  Zealot  
  109  15:41  Zealot  
  111  15:52  Protoss Air Weapons Level 3  
  111  16:08  Zealot  
  113  16:11  Carrier  
  119  16:35  Zealot  
  121  16:56  Mothership (Chrono Boost)  
  121  17:02  Zealot  
  131  17:16  Carrier  
  137  17:29  Zealot  
  139  18:20  Carrier  
  125  19:24  Carrier  
  96  20:10  Nexus  
  88  20:45  Assimilator  
  88  20:48  Photon Cannon  
  88  20:52  Pylon  
  87  21:20  Oracle  
  84  23:11  Probe  
  85  23:20  Assimilator  
  85  23:23  Probe  
  86  23:35  Probe (Chrono Boost)  
  87  23:46  Probe (Chrono Boost)  
  88  23:51  Probe (Chrono Boost)  
  89  24:01  Probe  
  90  24:13  Probe  
  91  24:25  Probe  
  92  24:38  Probe  
  93  24:50  Probe  
  94  25:02  Probe  
  94  25:05  Pylon  
  95  25:09  Pylon  
  95  25:13  Photon Cannon  
  95  25:14  Probe  
  95  25:15  Photon Cannon  
  95  25:19  Photon Cannon  
  96  25:26  Probe  
  96  25:28  Pylon  
  97  25:31  Photon Cannon  
  97  25:37  Photon Cannon  
  97  25:38  Probe  
  97  25:41  Photon Cannon  
  98  25:43  Photon Cannon  
  98  25:47  Photon Cannon  
  98  25:57  Photon Cannon  
  99  26:25  Probe (Chrono Boost)  
  99  26:33  Probe (Chrono Boost)  
  100  26:40  Probe (Chrono Boost)  
  101  26:52  Probe (Chrono Boost)  
  102  26:54  Carrier  
  102  26:57  Probe (Chrono Boost)  
  109  27:06  Probe (Chrono Boost)  
  110  27:59  Carrier  
  116  28:47  Cybernetics Core  
  116  28:55  Robotics Bay  
  116  29:02  Templar Archives  
  116  29:03  Carrier  
  122  29:11  Dark Shrine  
  122  30:07  Carrier  
  109  31:11  Carrier  
  68  32:18  Carrier  
  74  33:23  Carrier  
  80  34:27  Carrier  
  86  34:33  Protoss Air Armor Level 2  
  86  34:41  Zealot  
  88  35:08  Zealot  
  90  35:31  Carrier  
  96  35:36  Zealot  
  98  36:03  Zealot  
  100  36:22  Photon Cannon  
  100  36:26  Photon Cannon  
  100  36:29  Photon Cannon  
  100  36:30  Zealot  
  100  36:31  Photon Cannon  
  102  36:33  Photon Cannon  
  102  36:35  Photon Cannon, Carrier  
  108  36:40  Photon Cannon  
  108  36:45  Photon Cannon  
  108  36:48  Photon Cannon  
  108  36:52  Photon Cannon  
  108  36:56  Photon Cannon  
  108  36:57  Zealot  
  108  36:58  Photon Cannon  
  108  37:01  Photon Cannon  
  110  37:04  Photon Cannon  
  110  37:09  Photon Cannon  
  110  37:15  Photon Cannon  
  110  37:19  Photon Cannon  
  110  37:22  Photon Cannon  
  110  37:24  Zealot  
  110  37:25  Photon Cannon  
  112  37:30  Photon Cannon  
  112  37:40  Carrier  
  118  37:51  Zealot  
  120  38:02  Protoss Air Armor Level 3  
  120  38:44  Carrier  
  126  39:48  Carrier  
  108  40:52  Carrier  
  42  41:51  Mothership (Chrono Boost)  
  50  41:57  Carrier  
  56  42:04  Zealot  
  58  42:31  Gateway, Zealot  
  58  42:34  Gateway  
  60  42:39  Gateway  
  60  42:45  Gateway  
  60  42:58  Zealot  
  62  43:01  Carrier  
  68  43:25  Zealot  
  70  43:52  Zealot  
  72  44:05  Carrier  
  72  44:07  Gateway  
  78  44:19  Zealot  
  80  44:46  Zealot  
  82  45:09  Carrier  
  82  45:13  Zealot  
  90  45:33  Photon Cannon  
  90  45:34  Photon Cannon  
  90  45:39  Photon Cannon  
  90  45:40  Zealot  
  92  45:43  Photon Cannon  
  92  45:46  Photon Cannon  
  92  45:49  Photon Cannon  
  92  45:52  Photon Cannon  
  92  45:55  Photon Cannon  
  92  46:01  Photon Cannon  
  92  46:05  Photon Cannon  
  92  46:08  Photon Cannon, Zealot  
  92  46:10  Photon Cannon  
  94  46:14  Carrier  
  100  46:35  Zealot  
  102  47:02  Zealot  
  104  47:18  Carrier  
  110  47:29  Zealot  
  112  47:56  Zealot  
  114  48:00  Zealot  
  116  48:22  Carrier  
  116  48:23  Zealot x2  
  116  48:26  Zealot  
  128  48:28  Zealot  
  128  48:30  Zealot  
  128  48:32  Zealot  
  134  48:50  Zealot  
  136  49:17  Zealot  
Show
View Real Time Build Order
Export as new Build Order

tigro Terran 

Build Orders:  

Get SALT Encoding   

  12  0:02  SCV  
  13  0:19  SCV  
  13  0:20  Supply Depot  
  14  0:27  Refinery  
  14  0:31  SCV  
  15  0:42  Refinery  
  15  0:43  SCV  
  16  0:55  SCV  
  17  1:12  Barracks  
  17  1:23  SCV  
  18  1:35  Supply Depot  
  18  1:36  SCV  
  19  1:48  SCV  
  20  2:00  SCV  
  21  2:07  Barracks, Marine  
  22  2:19  SCV  
  23  2:25  Marine  
  24  2:31  SCV  
  25  2:43  Marine  
  26  2:48  SCV  
  27  2:56  Engineering Bay  
  27  2:59  Barracks Tech Lab  
  27  3:00  Marine, SCV  
  29  3:18  Marine, Factory  
  30  3:20  Orbital Command  
  30  3:32  Supply Depot  
  30  3:38  Concussive Shells  
  30  3:46  Barracks Tech Lab  
  30  3:54  Marauder  
  32  4:06  Combat Shield  
  32  4:15  Marauder  
  34  4:21  Stimpack  
  34  4:26  Factory Tech Lab  
  34  4:36  Marauder  
  27  4:41  Marine  
  15  4:57  Marine  
  15  4:59  Marine  
  6  5:15  Marine  
  6  5:17  Marine  
  4  5:31  Hellion  
  4  5:33  Marine  
  4  5:35  Marine  
  7  5:51  Marine  
  7  5:52  Marine  
  7  5:53  Hellion  
  11  6:08  Marine  
  11  6:10  Marine  
  13  6:26  Marine  
  14  6:46  SCV  
  15  6:58  SCV  
  16  7:10  SCV  
  17  7:22  SCV  
  18  7:34  SCV  
  19  7:46  SCV  
  19  7:47  Missile Turret  
  20  7:59  SCV  
  21  8:11  SCV  
  22  8:23  SCV  
  23  8:35  SCV  
  24  8:47  SCV  
  25  8:59  SCV  
  26  9:05  Missile Turret  
  26  9:11  SCV  
  27  9:23  SCV  
  28  9:34  Terran Infantry Weapons Level 1  
  28  9:35  SCV  
  29  9:44  Armory  
  29  9:47  SCV  
  30  10:29  SCV  
  31  10:36  Missile Turret  
  31  10:41  SCV  
  32  10:53  SCV  
  33  11:02  Starport, Siege Tank  
  36  11:05  SCV  
  37  11:17  SCV  
  38  11:29  Terran Infantry Armor Level 1  
  38  11:31  Terran Vehicle Weapons Level 1  
  38  11:34  Siege Tank  
  41  11:45  Medivac  
  43  11:59  Fusion Core  
  43  12:03  Infernal Pre-Igniter  
  43  12:08  Factory  
  43  12:51  Missile Turret  
  43  13:06  Starport Tech Lab  
  43  13:12  Supply Depot  
  43  13:23  Neosteel Armor  
  43  13:41  Starport  
  43  13:43  Factory Tech Lab  
  43  13:45  Mag-Field Accelerator  
  43  13:50  Weapon Refit  
  43  14:19  Missile Turret  
  43  14:48  Missile Turret  
  43  14:49  Starport Tech Lab  
  43  14:51  Corvid Reactor  
  43  15:03  Hi-Sec Auto Tracking  
  43  15:08  Marine  
  44  15:24  Missile Turret  
  44  15:26  Marine  
  45  15:30  Rapid Reignition System  
  30  15:39  Marine  
  30  15:43  Marine  
  21  15:52  Viking  
  19  16:01  Marine  
Show
View Real Time Build Order
Export as new Build Order

Javascript Zerg 

Build Orders: Pool First, Lurkers 

Get SALT Encoding   

  12  0:01  Drone  
  13  0:12  Overlord  
  13  0:20  Drone  
  14  0:32  Spawning Pool  
  13  0:35  Drone  
  13  0:40  Drone  
  15  0:43  Drone  
  15  0:47  Extractor  
  15  0:51  Extractor  
  15  0:52  Drone  
  15  0:57  Drone  
  16  1:08  Drone  
  17  1:20  Queen  
  19  1:33  Drone x2  
  21  1:52  Hatchery, Drone x2  
  22  1:59  Metabolic Boost  
  22  2:10  Lair  
  22  2:20  Overlord  
  22  2:40  Zergling x10  
  27  2:49  Baneling Nest  
  27  2:50  Zergling x2  
  27  3:01  Zergling x2  
  28  3:10  Zergling x2  
  28  3:11  Zergling x4  
  31  3:13  Nydus Network  
  31  3:18  Drone  
  31  3:31  Drone  
  31  3:32  Hydralisk Den  
  31  3:40  Drone x3, Spore Crawler  
  33  3:43  Baneling x2  
  33  3:44  Baneling  
  33  3:54  Zergling x2  
  34  4:04  Nydus Canal  
  34  4:05  Zergling x2  
  35  4:12  Drone  
  35  4:13  Overlord  
  36  4:18  Overlord  
  34  4:38  Drone  
  32  4:51  Drone x8  
  32  4:52  Overlord  
  38  4:57  Drone  
  37  5:08  Zergling x4  
  38  5:27  Overlord  
  38  5:33  Hydralisk Den  
  36  5:50  Lurker Den  
  36  5:54  Infestation Pit  
  33  6:04  Muscular Augments, Grooved Spines  
  33  6:17  Hydralisk x4  
  39  6:19  Overlord  
  39  6:41  Zergling x18  
  39  6:46  Queen  
  52  6:50  Overseer  
  52  6:56  Hive  
  49  7:04  Zergling x12  
  53  7:13  Zergling x2  
  45  7:20  Hydralisk  
  45  7:21  Hydralisk  
  43  7:34  Overlord  
  43  7:35  Hydralisk x2  
  47  7:37  Overlord  
  47  7:47  Lurker  
  48  7:58  Zergling x14  
  55  8:03  Overseer  
  55  8:23  Lurker  
  55  8:25  Zergling x12  
  62  8:33  Drone x2  
  64  8:41  Seismic Spines  
  64  9:04  Lurker  
  65  9:15  Hatchery  
  63  9:35  Hydralisk x3  
  57  9:45  Zergling x6  
  57  9:46  Queen  
  57  9:47  Queen  
  59  10:02  Baneling x2  
  59  10:03  Baneling  
  59  10:19  Drone x6  
  65  10:39  Drone x2  
  65  10:42  Drone x4  
  71  10:45  Baneling x4  
  71  10:51  Adaptive Talons  
  71  10:57  Nydus Canal  
  71  11:00  Zergling x8  
  62  11:25  Zergling x2  
  62  11:26  Zergling x10  
  62  11:27  Drone x3  
  62  11:28  Drone  
  71  11:37  Zergling x4  
  72  11:40  Unknown x2  
  72  11:42  Spore Crawler  
  72  11:44  Spine Crawler  
  68  11:50  Lurker x3  
  68  11:54  Drone x8  
  79  12:07  Spore Crawler  
  78  12:10  Spore Crawler  
  78  12:12  Drone, Spore Crawler  
  78  12:13  Spore Crawler  
  76  12:20  Hydralisk x5  
  86  12:35  Zergling x6  
  86  12:36  Overlord x2  
  89  12:37  Overlord  
  89  12:47  Evolution Chamber  
  89  12:48  Evolution Chamber  
  87  12:52  Drone  
  87  12:57  Hydralisk x2  
  87  12:58  Hydralisk x3  
  98  13:38  Overseer  
  98  13:41  Hydralisk  
  98  13:42  Hydralisk x6  
  98  13:43  Overlord x3  
  112  13:53  Nydus Canal  
  112  14:09  Nydus Canal  
  112  14:10  Overlord x3  
  112  14:11  Hydralisk x3  
  112  14:13  Overlord  
  112  14:16  Zergling x4  
  120  14:32  Overlord  
  120  14:33  Overlord  
  120  14:39  Spire  
  120  14:40  Zerg Missile Weapons Level 1, Zerg Ground Armor Level 1, Spire  
  118  14:49  Centrifical Hooks  
  118  15:04  Baneling x2  
  118  15:05  Baneling x4  
  118  15:09  Overlord  
  118  15:10  Overlord  
  107  15:53  Nydus Canal  
  105  16:10  Hydralisk x12  
  129  16:33  Hatchery  
  127  17:15  Hydralisk x9  
  145  17:25  Zerg Missile Weapons Level 2, Zerg Ground Armor Level 2  
  145  17:29  Overlord x2  
  145  17:30  Overlord  
  145  17:42  Overseer x2  
  145  18:12  Drone x3  
  148  18:54  Nydus Canal  
  130  19:45  Corruptor  
  130  19:46  Corruptor x13  
  155  20:25  Overseer x5  
  155  20:26  Overseer x8  
  155  20:34  Zerg Flyer Armor Level 1, Zerg Flyer Weapons Level 1  
  155  20:36  Zerg Missile Weapons Level 3, Zerg Ground Armor Level 3  
  155  20:39  Drone x3  
  155  20:41  Extractor  
  157  20:43  Extractor  
  157  20:45  Hydralisk Den  
  155  20:54  Corruptor x6  
  155  20:55  Corruptor x3  
  173  21:06  Drone  
  174  21:14  Unknown  
  174  21:17  Unknown  
  147  21:32  Hydralisk x8  
  118  21:58  Mutalisk x6  
  90  22:12  Hydralisk x4  
  84  22:24  Corruptor  
  84  22:25  Corruptor x2  
  84  22:37  Overlord  
  84  22:50  Zergling x14  
  88  22:54  Drone x2  
  88  22:55  Drone  
  91  23:07  Greater Spire  
  91  23:14  Nydus Canal  
  91  23:17  Unknown  
  90  23:22  Zergling x2  
  90  23:23  Zergling x16  
  99  23:28  Adrenal Glands  
  99  23:30  Zerg Melee Weapons Level 1  
  100  23:34  Drone x2  
  100  23:39  Lair  
  100  23:40  Corruptor  
  100  23:41  Corruptor x5  
  113  23:55  Mutalisk x4  
  118  24:10  Mutalisk x5  
  124  24:40  Mutalisk x5  
  123  24:59  Drone  
  124  25:00  Hydralisk x2  
  124  25:02  Unknown  
  127  25:09  Drone x3  
  130  25:20  Zerg Flyer Armor Level 2  
  130  25:22  Viper x3  
  139  25:39  Zerg Flyer Weapons Level 2  
  139  25:40  Corruptor x4  
  147  25:46  Queen x2  
  151  25:53  Overlord  
  151  25:55  Drone x2  
  151  25:56  Drone  
  154  26:04  Zerg Melee Weapons Level 2  
  154  26:29  Corruptor  
  154  26:30  Corruptor x3  
  154  26:31  Overlord  
  162  26:37  Drone x2  
  164  27:09  Drone x6  
  170  27:33  Nydus Canal  
  170  27:36  Zergling x2  
  175  27:37  Zergling x20  
  175  27:41  Zergling x10  
  186  27:47  Overlord x2  
  186  28:01  Overlord  
  186  28:02  Overlord  
  181  28:19  Corruptor x3  
  180  28:20  Corruptor x7  
  195  28:52  Corruptor x2  
  186  29:37  Nydus Canal  
  167  30:23  Zergling x8  
  167  30:24  Zergling x10  
  111  31:24  Corruptor x6  
  83  31:38  Zergling x2  
  83  31:39  Zergling x2  
  59  31:49  Hydralisk Den  
  59  31:52  Hatchery  
  53  32:02  Drone x2  
  53  32:06  Drone x2  
  57  32:11  Drone  
  58  32:20  Hatchery  
  57  32:24  Hatchery  
  57  32:25  Hatchery  
  55  32:42  Drone, Hydralisk x2  
  60  32:53  Infestation Pit  
  59  33:02  Drone x4  
  63  33:15  Spawning Pool  
  63  33:17  Drone x3  
  63  33:34  Drone x11  
  63  33:39  Hydralisk x3  
  76  33:44  Hydralisk x2  
  76  33:47  Hydralisk x2  
  76  33:48  Hydralisk  
  80  34:01  Spire  
  80  34:02  Queen  
  77  34:03  Queen x4  
  77  34:05  Hydralisk x9  
  77  34:07  Queen  
  106  34:47  Hive  
  106  34:51  Overlord x2  
  106  34:52  Overlord  
  106  35:02  Pneumatized Carapace  
  106  35:11  Overseer  
  106  35:16  Overlord  
  106  35:54  Overlord x2  
  103  36:02  Zerg Flyer Weapons Level 3, Corruptor  
  103  36:03  Corruptor x10  
  121  36:41  Hydralisk  
  121  36:42  Hydralisk x7  
  121  36:43  Hydralisk  
  121  36:46  Overseer  
  139  37:01  Nydus Network  
  137  37:09  Hydralisk x2  
  137  37:10  Hydralisk  
  140  37:55  Lurker Den  
  139  38:01  Hydralisk x9  
  157  38:31  Nydus Canal  
  157  38:38  Zergling x2  
  157  38:39  Zergling x24  
  170  39:19  Overseer  
  170  39:44  Corruptor  
  170  39:45  Corruptor x7  
  184  39:46  Viper  
  175  40:41  Extractor  
  168  40:43  Hydralisk Den  
  100  41:11  Corruptor x9  
  90  41:27  Hatchery  
  79  41:57  Greater Spire  
  79  42:01  Drone  
  79  42:02  Drone x6  
  86  42:16  Nydus Network, Hydralisk x2  
  89  42:39  Queen  
  91  43:11  Drone x3  
  88  43:37  Hydralisk x4  
  88  43:38  Hydralisk x9  
  106  43:44  Hydralisk x2  
  96  44:05  Brood Lord  
  96  44:06  Brood Lord x3  
  95  44:33  Corruptor  
  95  44:34  Corruptor x4  
  105  44:39  Drone x3  
  108  44:53  Extractor  
  108  44:54  Extractor  
  106  45:00  Corruptor x4  
  114  45:23  Overlord x3  
  114  45:26  Corruptor x3  
  120  45:39  Overlord x2  
  120  45:43  Overseer x3  
  120  45:46  Drone x2  
  122  46:02  Hydralisk  
  122  46:03  Hydralisk x3  
  128  46:34  Nydus Canal  
  128  46:35  Hydralisk  
  128  46:36  Hydralisk x7  
  144  46:53  Hydralisk x4  
  142  47:00  Hydralisk  
  134  47:29  Spire  
  125  47:55  Drone  
  125  47:56  Drone x5  
  123  48:13  Zergling x2  
  123  48:14  Zergling x24  
  136  49:10  Hydralisk  
  136  49:11  Hydralisk x13  
Show
View Real Time Build Order
Export as new Build Order

IA (Difícil) Protoss 

Build Orders:  

Get SALT Encoding   

  12  0:01  Probe  
  13  0:13  Probe  
  14  0:20  Pylon  
  14  0:25  Probe  
  15  0:34  Probe  
  15  0:42  Probe  
  16  0:46  Assimilator  
  16  0:49  Gateway  
  17  0:52  Probe  
  18  1:00  Pylon, Probe  
  19  1:14  Probe  
  20  1:37  Gateway  
  20  1:38  Zealot  
  20  1:39  Cybernetics Core  
  22  1:40  Assimilator  
  22  1:56  Pylon  
  22  2:06  Warp Gate  
  22  2:16  Adept  
  24  2:27  Zealot  
  26  2:35  Pylon  
  26  2:44  Adept  
  28  2:54  Adept  
  30  3:06  Adept  
  30  3:08  Probe  
  30  3:11  Pylon  
  33  3:20  Probe  
  33  3:24  Adept  
  36  3:29  Forge  
  36  3:33  Probe  
  37  3:36  Adept  
  39  3:45  Probe  
  40  3:57  Probe  
  40  4:02  Adept  
  43  4:09  Probe  
  44  4:13  Adept  
  46  4:25  Stalker  
  48  5:44  Probe  
  48  5:53  Probe  
  48  5:56  Stalker  
  50  5:57  Protoss Ground Weapons Level 1  
  50  5:59  Gateway  
  51  6:04  Pylon  
  51  6:06  Stalker, Photon Cannon  
  51  6:10  Photon Cannon  
  53  6:14  Robotics Facility  
  53  6:17  Forge  
  53  6:19  Sentry  
  53  6:20  Stargate  
  53  6:22  Probe  
  56  6:28  Pylon  
  56  6:29  Stalker  
  58  6:38  Twilight Council  
  58  6:42  Stalker  
  58  6:50  Protoss Ground Armor Level 1  
  58  6:52  Stalker  
  60  6:54  Pylon  
  56  7:02  Sentry, Observer  
  55  7:12  Sentry  
  55  7:17  Blink, Observer  
  55  7:22  Zealot  
  50  7:32  Zealot  
  50  7:42  Stalker  
  52  7:52  Adept  
  54  8:02  Adept  
  56  8:12  Stalker  
  58  10:06  Warp Prism  
  58  10:20  Templar Archives  
  60  10:25  Gateway  
  60  10:27  Robotics Facility  
  59  10:32  Stargate  
  59  10:36  Warp Prism  
  59  10:37  Pylon  
  59  10:39  Stalker x2  
  61  10:56  High Templar  
  55  11:05  High Templar  
  53  11:12  Observer  
  53  11:14  Zealot  
  53  11:15  Observer  
  45  11:22  Sentry  
  45  11:23  Warp Prism  
  42  11:31  Stalker  
  46  11:40  High Templar  
  46  11:43  Observer  
  49  11:48  Stalker  
  51  11:57  Sentry  
  53  12:06  Archon  
  53  12:13  High Templar  
  55  12:27  Archon  
  55  12:40  High Templar  
  56  13:08  High Templar  
  58  13:21  Observer  
  58  13:22  Archon  
  58  13:47  Zealot  
  40  13:55  High Templar  
  40  13:59  Zealot  
  44  14:03  Stalker  
  44  14:06  Zealot  
  39  14:10  Photon Cannon  
  37  14:20  Zealot  
  32  14:39  Probe  
  32  14:40  High Templar  
  32  14:45  Zealot  
  35  14:48  Zealot  
  35  14:51  Zealot  
  27  15:02  Zealot  
  27  15:13  Zealot  
  29  15:19  Zealot  
  26  15:33  Zealot  
  24  15:40  Photon Cannon, Zealot  
  20  15:54  Zealot  
  22  15:59  Photon Cannon  
  17  17:16  Pylon  
  17  17:42  Pylon  
  17  17:47  Pylon  
  17  17:55  Pylon  
  16  17:59  Nexus  
  16  18:05  Pylon  
Show
View Real Time Build Order
Export as new Build Order

IA (Difícil) Zerg 

Build Orders: 1 Base Baneling Bust, Pool First 

Get SALT Encoding   

  12  0:01  Drone  
  13  0:12  Overlord  
  13  0:17  Drone  
  14  0:30  Drone  
  14  0:31  Drone  
  16  0:41  Spawning Pool  
  15  0:44  Drone  
  15  0:47  Drone  
  17  0:50  Extractor  
  17  0:55  Drone  
  17  1:05  Overlord  
  17  1:29  Queen  
  17  1:31  Zergling x2  
  20  1:35  Roach Warren  
  20  1:37  Zergling x2  
  20  1:38  Drone  
  21  1:41  Extractor  
  20  1:48  Drone  
  21  1:59  Drone  
  22  2:09  Overlord  
  22  2:21  Drone  
  23  2:31  Roach  
  23  2:36  Drone  
  26  2:38  Roach  
  26  2:39  Overlord  
  26  2:43  Drone  
  29  2:53  Ravager  
  29  2:54  Roach  
  32  3:01  Ravager  
  32  3:05  Roach  
  35  3:07  Overlord, Drone  
  35  3:09  Drone  
  37  3:16  Drone  
  38  3:26  Baneling Nest  
  37  3:27  Roach  
  37  3:31  Evolution Chamber  
  38  3:38  Roach  
  38  3:39  Drone  
  38  3:41  Drone  
  42  3:42  Drone  
  43  3:50  Drone  
  44  4:43  Lair  
  44  4:44  Overlord, Drone  
  44  4:45  Zerg Melee Weapons Level 1, Evolution Chamber, Drone  
  46  4:49  Drone  
  45  5:09  Roach  
  45  5:11  Zerg Missile Weapons Level 1  
  47  5:18  Roach  
  49  5:24  Overlord  
  49  5:27  Roach  
  50  5:36  Roach  
  50  5:41  Burrow  
  52  5:43  Spore Crawler  
  52  5:44  Drone  
  52  5:45  Zergling x2  
  52  5:47  Hydralisk Den  
  52  5:48  Drone  
  51  5:51  Spore Crawler  
  51  5:53  Drone  
  51  5:54  Roach  
  51  5:56  Overseer  
  50  6:03  Roach  
  48  6:12  Roach  
  45  6:18  Overseer  
  45  6:20  Hydralisk  
  45  6:21  Spine Crawler  
  45  6:25  Drone  
  47  6:26  Spine Crawler  
  47  6:28  Hydralisk, Drone  
  49  6:34  Drone  
  49  6:39  Zerg Ground Armor Level 1  
  49  6:44  Hydralisk  
  51  6:49  Infestation Pit  
  51  6:51  Drone  
  51  6:52  Queen  
  51  6:53  Roach  
  55  7:01  Hydralisk  
  57  7:16  Spire  
  57  7:17  Drone  
  57  8:34  Overseer  
  57  8:35  Overlord  
  57  8:46  Pneumatized Carapace  
  57  8:47  Overseer  
  57  8:48  Roach  
  59  8:52  Roach  
  59  8:53  Overlord  
  61  8:56  Hydralisk  
  61  9:00  Hydralisk  
  65  9:04  Infestor  
  67  9:28  Zerg Melee Weapons Level 2  
  67  9:36  Hatchery  
  67  9:37  Drone  
  66  9:38  Zergling x2  
  67  10:10  Zerg Ground Armor Level 2  
  67  10:43  Roach  
  67  11:01  Zergling x2  
  63  11:05  Roach  
  63  11:10  Roach  
  61  11:14  Roach  
  57  11:19  Roach  
  57  11:23  Roach  
  61  11:27  Roach  
  61  11:32  Roach  
  65  11:36  Roach  
  67  11:43  Pathogen Glands  
  67  11:44  Zerg Missile Weapons Level 2  
  67  12:00  Glial Reconstitution  
  67  12:28  Infestor  
  69  12:57  Hive  
  69  13:14  Corruptor  
  71  13:45  Zergling x2  
  59  14:09  Greater Spire  
  57  14:15  Roach  
  59  14:22  Infestor  
  61  14:47  Roach  
  61  15:18  Roach  
  59  15:23  Roach  
  59  15:27  Viper  
  64  15:29  Brood Lord  
  64  15:32  Roach  
  68  15:38  Roach  
  70  15:44  Roach  
  70  15:49  Roach  
  74  15:51  Overlord  
  74  15:54  Roach  
  76  16:18  Infestor  
  78  16:28  Zergling x2  
  78  16:29  Zergling x2  
  78  16:30  Baneling, Zergling x2  
  78  16:31  Zergling x2, Overlord  
  78  16:32  Zergling x2  
  83  16:46  Mutalisk  
  85  16:50  Zergling x2  
  86  17:05  Mutalisk  
  88  17:08  Zergling x2  
  88  17:09  Overlord  
  88  17:12  Zergling x2  
  88  17:13  Baneling  
  90  17:17  Zergling x2  
  90  17:19  Zergling x2  
  90  17:22  Mutalisk  
  90  17:28  Baneling, Zergling x2  
  93  17:33  Baneling  
  93  17:50  Mutalisk  
  95  18:08  Mutalisk  
  95  18:09  Overlord  
  97  18:28  Mutalisk  
  97  18:32  Baneling  
  97  18:33  Zergling x2  
  100  18:37  Baneling  
  100  18:42  Baneling, Zergling x2  
  100  18:46  Baneling  
  101  19:04  Overlord, Mutalisk  
  103  19:22  Mutalisk  
  105  19:41  Zergling x2, Mutalisk  
  107  20:19  Overlord  
  107  20:20  Ultralisk Cavern  
  106  21:09  Ultralisk  
  88  21:25  Drone  
  88  21:32  Ultralisk  
  49  21:40  Hydralisk  
  49  21:50  Overseer  
  49  21:59  Overseer  
  49  22:36  Ultralisk  
  55  22:45  Overseer  
  55  22:54  Hydralisk  
  57  23:03  Hydralisk  
  59  23:27  Overseer  
  59  23:55  Corruptor  
  51  24:28  Brood Lord  
  51  24:31  Zergling x2  
  51  24:40  Corruptor  
  39  25:09  Overseer  
  41  25:14  Brood Lord  
  41  25:17  Overseer  
  40  25:45  Corruptor  
  42  26:19  Zergling x2, Brood Lord  
  42  26:23  Overlord  
  44  26:26  Corruptor  
  46  26:49  Infestor  
  48  26:59  Overseer  
  48  27:04  Roach  
  52  27:08  Roach  
  52  27:13  Overlord, Roach  
  54  27:17  Roach  
  56  27:26  Hydralisk  
  58  27:36  Hydralisk  
  60  27:41  Overlord, Roach  
  62  27:45  Roach  
  62  27:49  Roach  
  66  27:59  Overlord, Roach  
  66  28:02  Hydralisk  
  70  28:09  Zergling x2  
  70  28:12  Hydralisk  
  70  28:18  Roach  
  74  28:22  Overlord, Roach  
  74  28:26  Roach  
  72  28:30  Overlord  
  64  28:48  Overlord  
  64  28:52  Overseer  
  64  28:58  Overseer  
  64  29:07  Overlord  
  64  29:08  Roach  
  66  29:12  Roach  
  68  29:25  Overlord  
  68  29:26  Roach  
  68  29:28  Roach  
  68  29:30  Roach  
  74  29:32  Overlord  
  74  29:35  Overseer  
  74  29:48  Hydralisk  
  74  29:51  Overlord  
  76  29:57  Hydralisk  
  78  30:07  Hydralisk  
  78  30:09  Drone  
  81  30:34  Infestor  
  81  30:35  Overlord  
  83  31:02  Corruptor  
  85  31:17  Zergling x2  
  85  31:24  Roach  
  85  31:33  Overlord  
  85  31:36  Brood Lord  
  87  31:58  Viper  
  87  31:59  Overlord  
  90  32:30  Infestor  
  92  32:57  Infestor  
  94  33:25  Corruptor  
  94  33:26  Overlord  
  92  33:34  Overlord  
  70  33:53  Overseer  
  68  33:59  Brood Lord, Roach  
  58  34:04  Roach  
  60  34:11  Overseer  
  60  34:16  Roach  
  62  34:21  Roach  
  64  34:26  Roach  
  66  34:41  Roach  
  68  35:06  Infestor  
  70  35:31  Zergling x2  
  70  35:34  Infestor  
  61  35:44  Overlord, Overseer  
  61  35:48  Roach  
  63  35:53  Roach  
  63  35:57  Roach  
  63  35:58  Hydralisk  
  65  36:25  Infestor  
  67  36:38  Overseer  
  67  36:43  Overlord, Roach  
  69  36:49  Roach  
  69  36:53  Roach  
  73  36:58  Roach  
  75  37:02  Overlord, Roach  
  75  37:07  Roach  
  79  37:24  Hydralisk  
  79  37:25  Overlord, Overseer  
  65  37:52  Infestor  
  67  38:20  Infestor  
  69  38:28  Hydralisk  
  71  38:38  Zergling x2  
  71  38:40  Zergling x2, Overlord  
  73  38:42  Zergling x2  
  73  38:44  Zergling x2  
  75  38:56  Mutalisk  
  75  38:59  Zergling x2, Baneling  
  75  39:02  Baneling  
  78  39:09  Zergling x2  
  78  39:14  Zergling x2  
  78  39:16  Mutalisk  
  77  39:18  Zergling x2  
  77  39:21  Zergling x2  
  77  39:23  Zergling x2  
  72  39:25  Zergling x2  
  73  39:33  Mutalisk  
  75  39:38  Baneling  
  75  39:39  Zergling x2  
  75  39:43  Baneling  
  76  40:01  Mutalisk  
  78  40:19  Mutalisk  
  80  40:38  Overlord, Mutalisk  
  82  40:57  Overlord, Overseer  
  82  41:24  Viper  
  85  41:37  Overseer  
  85  41:43  Baneling, Zergling x2  
  86  41:48  Baneling  
  86  41:52  Zergling x2, Baneling  
  87  41:57  Baneling  
  87  42:33  Ultralisk, Overlord  
  90  43:10  Ultralisk, Overlord  
  80  43:47  Ultralisk, Overlord  
  86  43:49  Overlord  
  86  43:54  Overlord, Roach  
  86  43:56  Overseer  
  77  44:05  Overseer  
  71  44:14  Hydralisk  
  62  44:23  Hydralisk  
  56  44:32  Hydralisk  
  58  44:56  Overseer  
  58  45:38  Ultralisk  
  58  45:42  Roach  
  66  45:47  Roach  
  68  45:51  Roach  
  68  45:56  Roach  
  72  46:01  Roach  
  74  46:06  Roach  
  76  46:32  Infestor  
  78  46:46  Swarm Host  
  81  46:51  Overlord, Roach  
  82  46:55  Ultralisk  
  82  46:56  Roach  
  82  47:00  Roach  
  86  47:04  Zergling x2  
  86  47:07  Roach  
  88  47:09  Overlord  
  88  47:10  Roach  
  82  47:19  Hydralisk  
  80  47:28  Hydralisk  
  82  47:36  Hydralisk  
  82  47:44  Overlord  
  72  48:00  Overseer  
  72  48:05  Roach  
  74  48:13  Hydralisk  
  74  48:14  Overlord  
  76  48:22  Hydralisk  
  78  48:32  Hydralisk  
  80  48:56  Mutalisk  
  80  48:57  Overlord  
  82  49:09  Mutalisk  
Show
View Real Time Build Order
Export as new Build Order

IA (Difícil) Protoss 

Build Orders:  

Get SALT Encoding   

  12  0:01  Probe  
  13  0:13  Probe  
  14  0:20  Pylon  
  14  0:25  Probe  
  15  0:34  Probe  
  15  0:42  Probe  
  16  0:47  Assimilator  
  17  0:50  Gateway  
  17  0:52  Probe  
  18  1:00  Probe  
  18  1:03  Pylon  
  19  1:19  Probe  
  20  1:38  Zealot  
  22  1:41  Gateway  
  22  1:43  Cybernetics Core  
  22  1:44  Assimilator  
  22  2:00  Pylon  
  22  2:09  Zealot  
  22  2:21  Warp Gate  
  24  2:27  Stalker  
  26  2:35  Adept  
  28  2:44  Pylon  
  28  2:57  Adept  
  30  3:01  Probe  
  30  3:05  Adept  
  33  3:10  Probe  
  33  3:15  Pylon  
  33  3:18  Probe  
  35  3:27  Adept  
  35  3:31  Probe  
  38  3:35  Adept  
  38  3:38  Forge  
  40  3:43  Probe  
  41  3:55  Probe  
  42  3:57  Adept  
  42  3:58  Adept  
  46  4:57  Stalker, Protoss Ground Weapons Level 1  
  46  4:58  Probe  
  49  5:01  Gateway  
  49  5:07  Stalker, Pylon  
  49  5:11  Photon Cannon  
  51  5:20  Sentry, Photon Cannon  
  53  5:25  Probe  
  52  5:29  Robotics Facility  
  52  5:30  Stalker  
  52  5:34  Pylon  
  52  5:42  Probe  
  49  5:43  Stalker  
  51  5:53  Stalker  
  51  5:54  Probe  
  52  6:03  Stalker  
  52  6:06  Probe  
  49  6:13  Sentry  
  49  6:15  Probe  
  49  6:18  Observer  
  53  6:23  Probe  
  53  6:24  Stalker  
  55  6:32  Probe  
  56  6:34  Sentry  
  56  6:39  Observer  
  58  6:44  Sentry, Probe  
  45  6:54  Zealot  
  45  6:56  Protoss Ground Armor Level 1, Probe  
  45  6:58  Zealot  
  42  7:07  Zealot  
  38  7:15  Zealot  
  32  7:18  Zealot  
  28  7:28  Probe, Zealot  
  28  7:38  Stalker  
  28  7:40  Probe  
  31  7:48  Stalker  
  33  7:52  Probe  
  33  7:58  Stalker  
  36  8:05  Probe  
  37  8:08  Sentry  
  39  8:17  Probe  
  39  8:18  Adept  
  42  8:28  Stalker  
  42  8:29  Probe  
  45  8:38  Stalker  
  45  8:41  Probe  
  48  8:48  Stalker  
  50  8:53  Probe  
  50  8:55  Sentry  
  53  8:57  Twilight Council  
  53  9:15  Gateway  
  53  9:22  Robotics Facility  
  52  9:31  Zealot  
  54  9:39  Zealot  
  54  9:44  Zealot  
  48  9:48  Stalker  
  30  9:58  Blink  
  28  10:05  Zealot  
  30  10:08  Zealot  
  30  10:12  Stalker  
Show
View Real Time Build Order
Export as new Build Order

IA (Difícil) Protoss 

Build Orders:  

Get SALT Encoding   

  12  0:01  Probe  
  13  0:13  Probe  
  14  0:21  Pylon  
  14  0:25  Probe  
  15  0:35  Probe  
  16  0:43  Probe  
  16  0:47  Assimilator  
  17  0:51  Gateway  
  17  0:53  Probe  
  18  1:00  Pylon  
  18  1:01  Probe  
  19  1:20  Probe  
  20  1:39  Zealot  
  22  1:41  Gateway  
  22  1:44  Cybernetics Core  
  22  1:45  Assimilator  
  22  2:02  Pylon  
  22  2:11  Adept  
  22  2:22  Warp Gate  
  24  2:34  Zealot  
  26  2:39  Pylon  
  26  2:45  Adept  
  28  3:01  Adept  
  30  3:08  Stalker  
  30  3:17  Probe  
  30  3:18  Pylon  
  33  3:29  Probe  
  33  3:31  Adept  
  36  3:40  Forge  
  36  3:42  Adept, Probe  
  39  3:54  Probe  
  40  4:01  Adept  
  42  4:04  Probe  
  43  4:12  Probe  
  44  4:20  Adept  
  46  4:38  Adept  
  48  6:20  Probe  
  48  6:22  Stalker  
  48  6:24  Protoss Ground Weapons Level 1  
  51  6:26  Gateway  
  51  6:33  Stalker, Pylon  
  51  6:36  Photon Cannon  
  53  6:40  Photon Cannon  
  53  6:43  Robotics Facility, Zealot  
  55  6:48  Stargate  
  55  6:51  Twilight Council, Probe  
  56  6:54  Forge  
  56  6:56  Pylon, Zealot  
  58  7:06  Stalker  
  48  7:16  Zealot  
  48  7:21  Pylon  
  44  7:25  Protoss Ground Armor Level 1  
  44  7:26  Zealot  
  42  7:33  Observer  
  42  7:36  Stalker  
  45  7:46  Stalker  
  47  7:54  Observer  
  47  7:56  Sentry  
  50  8:06  Adept  
  52  8:16  Adept  
  54  8:26  Stalker  
  56  8:27  Blink  
  56  8:36  Stalker  
  58  10:35  Immortal  
  58  10:45  Protoss Ground Weapons Level 2  
  58  10:46  Protoss Ground Armor Level 2  
  58  10:49  Gateway  
  62  10:51  Sentry  
  62  10:52  Robotics Facility  
  63  10:57  Pylon  
  61  11:13  Stargate  
  61  11:14  Warp Prism  
  63  11:22  Robotics Bay, Zealot  
  49  11:29  Zealot  
  42  11:35  Zealot  
  42  11:38  Warp Prism  
  44  11:43  Zealot  
  46  11:49  Stalker  
  46  11:50  Observer  
  49  12:11  Immortal, Gravitic Boosters  
  49  12:12  Stalker  
  49  12:14  Warp Prism  
  57  12:18  Stalker  
  59  12:25  Stalker  
  61  12:31  Stalker  
  63  12:38  Stalker  
  65  12:44  Sentry  
  65  12:50  Observer  
  65  12:51  Observer  
  55  13:19  Zealot  
  43  13:23  Zealot  
  45  13:27  Stalker  
  45  13:33  Stalker  
  49  13:40  Stalker  
  49  13:44  Forge  
  49  13:47  Zealot  
  49  13:48  Protoss Shields Level 1  
  47  13:55  Assimilator  
  45  13:57  Zealot  
  45  14:04  Zealot  
  45  14:08  Zealot  
  45  14:09  Pylon  
  45  14:12  Zealot  
  45  14:16  Void Ray  
  46  14:19  Probe  
  46  14:23  Stalker  
  52  14:27  Stalker  
  50  14:31  Probe  
  50  14:37  Stalker  
  51  14:43  Probe  
  45  14:45  Zealot  
  45  14:50  Stalker  
  47  14:55  Probe  
  47  14:57  Stalker  
  46  15:02  Robotics Facility  
  39  15:08  Probe  
  38  15:20  Probe  
  39  15:28  Stalker  
  38  15:37  Nexus  
  38  15:41  Zealot  
  35  15:45  Zealot  
  35  15:49  Zealot  
  29  15:52  Zealot  
  25  16:16  Nexus  
  19  16:32  Assimilator  
  18  16:46  Assimilator  
  10  18:11  Probe  
  7  18:19  Probe  
  4  18:27  Probe  
Tags
 
Add a new tag
Caveats
  • Supply blocks, unpowered buildings, or Contaminate may cause inaccurate times.
  • Supply counts are checked every 10 seconds.